← All builds
Geo / Armada / Economy first / OBSERVED BUILD

Standard geo

Eco-first Geo build that rushes geothermal power and T2 constructor before transitioning into Starlight-led T2 units for front, the role's baseline play.

Usually blows up the commander for T2 (66%)

#eco #t2 · 709 distinct matches · 107 players · 58% of Armada Geo games · team won 54% of 800 · Recently observed

HOW TO PLAY IT

Key timing: Geothermal Powerplant by 3:26

  1. Open mex and wind into Bot Lab.
  2. Rush geothermal for the early energy spike.
  3. Add Advanced Metal Extractor, then Advanced Geothermal by 7:07.
  4. Bring up Vehicle Plant alongside T2 con for "Starlight" and vehicles.
  5. Funnel "Starlight" and T1 vehicles to front, pay allies with cons and "Lazarus".

Phase by phase

TYPICAL OF ITS 709 GAMES
  1. 1
  2. 2
  3. 3
  4. 4
PLAY THE OPENING

Follow the example game's first 6:00 step by step: what to build now, what comes next, and where it goes. At 1× it keeps pace with your own game.

  1. 1

    Up to the Bot Lab

    Economy
    • Metal Extractor2Mex
    • Wind Turbine4Wind
    Order
    1. Bot LabBot Lab after 2 mex, 4 winddone ~1:12, middle half 0:58–1:22

    By 0:55 in all: 2 mex · 4 wind

    The example game in this phase · 3 steps
    1. Mex ×2
    2. Wind ×4
    3. Bot LabBot Labdone 0:59 · typical 1:12
  2. 2

    Bot Lab to 5:00

    Economy
    • Metal Extractor2Mex
    • Wind Turbine3Wind
    • Energy Converter8Converter
    • Energy Storage1Energy storage
    Order
    1. Geothermal PowerplantGeo after 4 mex, 5 wind, 1 energy storage
    Builders
    • Construction Turret5 Con turret
    • Lazarus4 Lazarus
    • Construction Bot2 Con bot
    • Construction Bot1 Con bot for allies
    • Lazarus1 Lazarus for allies

    By 5:00 in all: 4 mex · 6 wind · 1 geo · 8 converter · 1 energy storage · 5 con turret

    The example game in this phase · 22 steps
    1. LazarusLazarus ×2
    2. Wind
    3. Construction BotCon botfor Beach sea
    4. Wind ×2
    5. LazarusLazarus
    6. Construction BotCon bot
    7. LazarusLazarus
    8. Wind
    9. Mex
    10. Construction BotCon botfor Beach sea
    11. Mex
    12. Construction BotCon botfor Pond
    13. Geothermal PowerplantGeodone 3:07 · typical 3:26
    14. Construction BotCon bot
    15. Con turret
    16. Converter
    17. Con turret
    18. Converter ×3
    19. Con turret
    20. Energy storage
    21. Con turret ×3
    22. Advanced Metal ExtractorT2 mex ×2done 4:59 · typical 5:34
  3. 3

    5:00 to Vehicle Plant

    Order
    1. Advanced Geothermal PowerplantAdvanced Geothermal Powerplant after 8 wind, 10 converter, 6 con turretin 59% of games
    2. Vehicle PlantVehicle Plant after 9 wind, 10 converter, 6 con turretdone ~7:07, middle half 6:42–7:41
    Builders
    • Construction Turret1 Con turret

    Some games also: converter (49%) · wind (48%)

    By 7:00 in all: 4 mex · 10 wind · 1 geo · 1 Advanced Geothermal Powerplant · 10 converter · 1 energy storage

    The example game in this phase · 6 steps
    1. Wind
    2. Advanced Metal ExtractorT2 mex
    3. Wind
    4. PrudePrudedone 6:03
    5. Advanced Metal ExtractorT2 mex
    6. Vehicle PlantVehicle Plantdone 6:09 · typical 7:07
  4. 4

    Vehicle Plant to 10:00

    Economy
    • Wind Turbine5Wind
    • Energy Converter3Converter
    Order
    1. Advanced Vehicle PlantAdvanced Vehicle Plant after 11 wind, 11 converter, 7 con turret
    Builders
    • Construction Vehicle1 Con vehicle
    Army
    • Starlight2 Starlight
    • Umbra1 Jammer
    • Prophet1 Radar vehicle

    Some games also: con turret (50%) · T2 con vehicle for allies (48%) · Jaguar (31%)

    By 10:00 in all: 4 mex · 20 wind · 1 geo · 1 Advanced Geothermal Powerplant · 16 converter · 1 energy storage

    The example game in this phase · 90 steps
    1. Construction VehicleCon vehicle
    2. Advanced Vehicle PlantAdvanced Vehicle Plantdone 6:39 · typical 8:07
    3. UmbraJammer
    4. ProphetRadar vehicle
    5. Wind
    6. MauserMauser
    7. Wind ×3
    8. MauserMauser
    9. Wind ×3
    10. MauserMauser
    11. Wind ×4
    12. MauserMauser
    13. Wind ×2
    14. MauserMauser
    15. Wind ×5
    16. UmbraJammer
    17. Wind ×3
    18. Converter
    19. Wind
    20. ProphetRadar vehicle
    21. Wind ×2
    22. Converter
    23. Wind ×2
    24. StarlightStarlightdone 8:18 · typical 9:03
    25. Converter
    26. Wind
    27. Converter
    28. Wind ×7
    29. StarlightStarlight
    30. Wind ×12
    31. Converter
    32. Wind
    33. Converter
    34. Wind
    35. StarlightStarlight
    36. Wind
    37. Converter
    38. Wind
    39. Converter
    40. Wind
    41. Converter
    42. Wind
    43. Converter
    44. Wind ×2
    45. StarlightStarlight
    46. Wind ×5
    47. Converter
    48. Wind ×2
    49. StarlightStarlight
    50. Wind
    51. Converter
    52. Wind ×3
    53. Converter
    54. ShredderShredderdone 10:35
    55. Wind
    56. Converter
    57. Advanced Construction VehicleT2 con vehiclefor Front
    58. Con turret
    59. Converter
    60. Wind
    61. AmbassadorAmbassadordone 11:03
    62. Wind
    63. Converter
    64. Wind ×3
    65. ConsulConsul
    66. Wind ×4
    67. Advanced Construction VehicleT2 con vehicle
    68. Wind ×25
    69. Cloakable Fusion ReactorCloakable Fusion Reactordone 13:00
    70. T2 converter
    71. Con turret ×5
    72. Bot LabBot Labdone 13:31
    73. LazarusLazarus ×3
    74. Cloakable Fusion ReactorCloakable Fusion Reactor
    75. TickTick ×14
    76. ConsulConsul
    77. TickTick ×3
    78. T2 converter
    79. TickTick ×5
    80. Con turret
    81. TickTick
    82. Con turret
    83. TickTick ×2
    84. Aircraft PlantAircraft Plantdone 14:50
    85. Con turret ×2
    86. TickTick
    87. Con turret
    88. TickTick ×3
    89. Con turret
    90. TickTick ×4

Counts are medians over the build's games: half of them build more, half fewer. The example game is [Crd]VOLT's (36 OS, 26/09/2026); pick another.

Team trades

IN AT LEAST 30% OF ITS GAMES

You hand over

  • Lazarus1 Lazarus to Beach seafirst at 2:16 · in 78% of games
  • Construction Bot1 Con bot to Beach seafirst at 2:31 · in 88% of games
  • Advanced Construction Vehicle1 T2 con vehicle to Suicide front or Frontfirst at 8:52 · in 62% of games

You get

  • Hercules1 Light transport from Airfirst at 4:20 · in 35% of games
  • Advanced Construction Bot1 T2 con bot from Techfirst at 4:48 · in 95% of games

How it plays out

Typical game of this build, running totals by minute

Metal produced

020k40k
0:005:0010:0015:00

metal

Enemy metal destroyed

05k10k15k
0:005:0010:0015:00

metal

Own metal lost

02.5k5k7.5k
0:005:0010:0015:00

metal

800 games.

Show as table
ByMetal produced: This buildEnemy metal destroyed: This buildOwn metal lost: This build
1:0033300
2:0082600
3:00152700
4:00270000
5:00372800
6:00572800
7:00814500
8:0011494021
9:001451051130
10:0017421615320
11:00204012076790
12:002333640221927
13:002607961903323
14:002899585234783
15:0031544103856248
WHAT THE NUMBERS SAY

Standard Geo build dominates the resource numbers, with zero own losses through 10:00 and a huge metal lead by 15:00.

  • + Metal produced hits 31426 by 15:00, highest of all six builds
  • + Own metal lost is 0 by 5:00 and only 334 by 10:00
  • − First Starlight only arrives in 57% of games by 9:19
  • − Advanced geothermal lands in just 69% of games by 7:16
THE EXAMPLE YOU ARE READING

[Crd]VOLT

36.0 OS · 26/09/2026

Open source match ↗

2 received units · includes a constructor
5207 metal received · 56045 energy received

Allied construction assistance is unknown. Timings are observations, not a promise of solo reproducibility.

Typical milestones

Bot Lab1:12Middle 50%: 0:58–1:22 · n=799
Geothermal Powerplant3:26Middle 50%: 3:10–3:42 · n=798
Advanced Metal Extractor5:34Middle 50%: 5:18–5:56 · n=797
Advanced Geothermal Powerplant7:06Middle 50%: 6:49–7:34 · n=578
Vehicle Plant7:07Middle 50%: 6:42–7:41 · n=761
Advanced Vehicle Plant8:07Middle 50%: 7:41–8:51 · n=723
Starlight9:03Middle 50%: 8:31–9:53 · n=634

Played most by

zeus_on_god84games of this build0neTw083games of this buildViltrum53games of this buildDamsko40games of this buildXad39games of this build